 Dungeon Crawl Stone Soup version 0.20-a0-1025-g4706f7e (webtiles) character file.

14 Gorglomux the Firebug (level 2, -1/17 HPs)
             Began as an Octopode Fire Elementalist on Apr 19, 2017.
             Slain by a jackal (3 damage)
             ... on level 1 of the Dungeon.
             The game lasted 00:01:16 (264 turns).

Gorglomux the Firebug (Octopode Fire Elementalist)   Turns: 264, Time: 00:01:17

Health: -1/17      AC:  1    Str:  7    XL:     2   Next: 45%
Magic:  0/5        EV: 13    Int: 17    God:
Gold:   0          SH:  0    Dex: 12    Spells: 4/5 levels left

rFire    . . .     SeeInvis .   c - +0 dagger
rCold    . . .     Gourm    .   (no shield)
rNeg     . . .     Faith    .   (helmet restricted)
rPois    .         Spirit   .   (no amulet)
rElec    .         Reflect  .   (no ring)
rCorr    .         Harm     .   (no ring)
MR       .....                  (no ring)
Stlth    +++.......             (no ring)
Regen    0.1/turn               (no ring)
MPRegen  0.1/turn               (no ring)
                                (no ring)
                                (no ring)

@: lethally poisoned (-1 -> -4), very slightly contaminated, hasted, very quick
A: almost no armour, stealthy swim, amphibious, 8 rings, constrict 8, camouflage
1, gelatinous body 1
a: no special abilities


You were on level 1 of the Dungeon.
You were not hungry.

You visited 1 branch of the dungeon, and saw 1 of its levels.

Inventory:

Hand Weapons
 c - a +0 dagger (weapon)
   (You took it off a goblin on level 1 of the Dungeon)
Scrolls
 e - a scroll of random uselessness {unknown}
 f - a scroll of magic mapping {unknown}
 g - a scroll of remove curse {unknown}
Potions
 d - a potion of haste
Books
 a - a book of Flames
Comestibles
 b - a bread ration {@e1@e1}


   Skills:
 - Level 2.0 Dodging
 - Level 2.6 Stealth
 + Level 2.4 Spellcasting
 + Level 1.4 Conjurations
 + Level 3.2 Fire Magic


You had 4 spell levels left.
You knew the following spells:

 Your Spells              Type           Power        Failure   Level  Hunger
a - Flame Tongue          Conj/Fire      #....        7%          1    #......


Dungeon Overview and Level Annotations

Branches:
Dungeon (1/15)

Altars:


Innate Abilities, Weirdness & Mutations

You cannot wear most types of armour.
You are very stealthy in the water. (Stealth+)
You are amphibious.
You can wear up to eight rings at the same time.
You can use your tentacles to constrict eight enemies at once.
Your skin changes colour to match your surroundings (Stealth+).
Your rubbery body absorbs attacks. (AC +1, EV +1)


Message History

The bat is too close now for your liking.
Unknown command.
A bat is nearby!
Unknown command.
A bat is nearby!
Unknown command.
A bat is nearby!
Unknown command.
Aim: a bat (resting)
The flame tongue hits the bat.
You kill the bat!
You now have 2/5 mp.
No target in view!
No target in view!
Unknown command.
No target in view!
A kobold comes into view. It is wielding a dagger.
A kobold is nearby!
Unknown command.
A kobold is nearby!
Unknown command.
A kobold is nearby!
You can't see any susceptible monsters within range! (Use Z to cast anyway.)
The kobold shouts!
The kobold throws a stone.
The stone hits you.
You see here a stone.
You take 1 damage, and have 14/17 hp.
The kobold throws a stone.
The stone closely misses you.
Aim: a kobold, wielding a dagger The flame tongue hits the kobold.
You kill the kobold!
Your magical contamination has completely faded away.
A jackal comes into view.
You can't see any susceptible monsters within range! (Use Z to cast anyway.) Unknown command.
You can't see any susceptible monsters within range! (Use Z to cast anyway.) Unknown command.
You can't see any susceptible monsters within range! (Use Z to cast anyway.)
The jackal moves out of view.
You see here a stone.
You see here a stone.
You start resting.
Health restored: 17; MP restored: 5 2 jackals come into view.
The jackal moves out of view.
There are monsters nearby!
There are monsters nearby!
A goblin comes into view. It is wielding a dagger of venom.
Unknown command.
A jackal comes into view.
Aim: a goblin, wielding a dagger of venom (hasn't noticed you)
The flame tongue hits the goblin.
The jackal barks! x2
The goblin closely misses you.
You now have 4/5 mp.
Aim: a goblin, wielding a dagger of venom (heavily wounded)
You miscast Flame Tongue.
You are very lightly contaminated with residual magic.
Nothing appears to happen.
The jackal barks!
The jackal misses you.
The goblin hits you with a dagger of venom.
You are poisoned.
You take 3 damage, and have 14/17 hp.
You now have 3/5 mp.
You feel sick.
You take 1 damage, and have 13/17 hp.
You feel sick.
You take 1 damage, and have 12/17 hp.
The jackal closely misses you.
You feel sick. The jackal barely misses you.
You take 1 damage, and have 11/17 hp.
You feel sick. The jackal misses you.
You take 1 damage, and have 10/17 hp.
You are too injured to fight recklessly!
You are too injured to fight recklessly!
Aim: a jackal The flame tongue hits the jackal.
You now have 2/5 mp.
Aim: a jackal The flame tongue hits the jackal.
You kill the jackal!
You feel sick.
The jackal bites you but does no damage.
You take 1 damage, and have 9/17 hp.
You now have 1/5 mp.
Aim: a jackal The flame tongue hits the jackal.
You kill the jackal!
Aim: a jackal (almost dead)
The flame tongue misses the jackal.
The jackal barely misses you.
You now have 0/5 mp.
You don't have enough magic to cast that spell.
You completely miss the jackal. Your grab misses the jackal.
You feel sick. The jackal bites you.
* * * LOW HITPOINT WARNING * * *
The jackal bites you.
* * * LOW HITPOINT WARNING * * *
You take 7 damage, and have 2/17 hp.
MASSIVE DAMAGE!!
It was a potion of haste.
You feel yourself speed up. The jackal bites you.
You die...

..#.........# (....)......###.
..............#.#
............#)#.#
................## .
.#...........##..## #..
..........)..##...########...#
#####....†....#.#hg...........
#..#.##.....@#..........#
#........##..###.##..##.#
#....#.#.†.......###.#
##.................#.#####
#......#..##.....((....)...#
####........#.##..##..#.....
##....##................#
##...###.....####...#### ###.#
#....## ##..#


You could see a jackal and a goblin.

Vanquished Creatures
  A dart slug (D:1)
  2 goblins (D:1)
  2 hobgoblins (D:1)
  2 jackals (D:1)
  2 bats (D:1)
  2 kobolds (D:1)
11 creatures vanquished.

Notes
Turn   | Place    | Note
-------+----------+-------------------------------------------
     0 | D:1      | Gorglomux the Octopode Fire Elementalist began the quest for the Orb.
     0 | D:1      | Reached XP level 1. HP: 11/11 MP: 3/3
   116 | D:1      | Reached XP level 2. HP: 11/17 MP: 0/5
   263 | D:1      | HP: 2/17 [jackal (3)]
   264 | D:1      | Slain by a jackal

Vault maps used:
D:1:      ncdulo_halloftheorcs

Action                   || total
-------------------------++-------
Melee: Dagger            ||     6
       Constrict         ||     5
       Unarmed           ||     3
 Cast: Flame Tongue      ||    15
  Use: Potion            ||     1
 Stab: Sleeping          ||     2
Armor: Skin              ||     3
Dodge: Dodged            ||    18

Vault maps used:
D:1:      ncdulo_halloftheorcs

Table legend:
 A = Turns spent in this place as a percentage of turns spent in the entire game.
 B = Non-inter-level travel turns spent in this place as a percentage of non-inter-level travel turns spent in the entire game.
 C = Inter-level travel turns spent in this place as a percentage of turns spent in this place.
 D = Turns resting spent in this place as a percentage of non-inter-level travel turns spent in this place.
 E = Turns spent auto-exploring this place as a percentage of non-inter-level travel turns spent in this place.
 F = Non-inter-level travel turns spent in this place divided by the number of levels of this place that you've seen.
                   A       B       C       D       E      F
               +-------+-------+-------+-------+-------+----------------------
         Total | 100.0 | 100.0 |   0.0 |   3.3 |   8.2 | 184.0
       Dungeon | 100.0 | 100.0 |   0.0 |   3.3 |   8.2 | 184.0
               +-------+-------+-------+-------+-------+----------------------

Table legend:
 A = Kills in this place as a percentage of kills in entire the game.
 B = Kills by you in this place as a percentage of kills by you in the entire game.
 C = Kills by friends in this place as a percentage of kills by friends in the entire game.
 D = Other kills in this place as a percentage of other kills in the entire game.
 E = Experience gained in this place as a percentage of experience gained in the entire game.
 F = Experience gained in this place divided by the number of levels of this place that you have seen.
                   A       B       C       D       E      F
               +-------+-------+-------+-------+-------+----------------------
         Total | 100.0 | 100.0 |  -nan |  -nan | 100.0 |  21.0
       Dungeon | 100.0 | 100.0 |  -nan |  -nan | 100.0 |  21.0
               +-------+-------+-------+-------+-------+----------------------
